 Dungeon Crawl Stone Soup version 0.18.1-50-g88ac8fd (webtiles) character file.

11 Chiseanne the Gusty (level 2, -1/22 HPs)
             Began as a Centaur Air Elementalist on Oct 15, 2016.
             Slain by Sigmund
             ... wielding a +0 scythe
              (6 damage)
             ... on level 2 of the Dungeon.
             The game lasted 00:01:55 (369 turns).

Chiseanne the Gusty (Centaur Air Elementalist)       Turns: 369, Time: 00:01:56

Health: -1/22      AC:  4    Str: 10    XL:     2   Next: 13%
Magic:  0/4        EV:  9    Int: 19    God:
Gold:   44         SH:  3    Dex:  9    Spells: 1 memorised, 3 levels left

rFire  . . .     SeeInvis .     e - +0 dagger
rCold  . . .     Gourm    .     a - +0 robe
rNeg   . . .     Faith    .     i - +0 buckler
rPois  .         Spirit   .     (no helmet)
rElec  .         Dismiss  .     (no cloak)
rCorr  .         Reflect  .     (no gloves)
SustAt .         Harm     .     (no barding)
MR     .....                    (no amulet)
Stlth  +.........               (no ring)
                                (no ring)

@: brilliant, very slightly contaminated, very quick, not resistant to hostile
enchantments, very unstealthy
A: hooves 3, deformed body, speed 2, tough skin 3
a: no special abilities


You were on level 2 of the Dungeon.
You were not hungry.

You visited 1 branch of the dungeon, and saw 2 of its levels.

You collected 44 gold pieces.

Inventory:

Hand Weapons
 e - a +0 dagger (weapon)
Missiles
 d - 23 stones (quivered)
 h - 32 sling bullets
 n - 30 bolts
Armour
 a - a +0 robe (worn)
 i - a +0 buckler (worn)
Books
 b - a book of Air

   Spells                             Type                      Level
   a - Shock                          Conjuration/Air              1
   b - Swiftness                      Charms/Air                   2
   c - Repel Missiles                 Charms/Air                   2
   d - Static Discharge               Conjuration/Air              3
   e - Lightning Bolt                 Conjuration/Air              5
Comestibles
 c - 2 bread rations
 f - 6 chunks of flesh


   Skills:
 * Level 0.6 Fighting
 - Level 1.5 Dodging
 - Level 1.2 Stealth
 * Level 0.2 Shields
 * Level 1.6 Spellcasting
 * Level 1.1 Conjurations
 - Level 2.6 Air Magic


You had 3 spell levels left.
You knew the following spells:

 Your Spells              Type           Power        Failure   Level  Hunger
a - Shock                 Conj/Air       ###.         1%          1    #......


Dungeon Overview and Level Annotations

Branches:
Dungeon (1/15)

Altars:

Annotations:
D:2 Sigmund


Innate Abilities, Weirdness & Mutations

You have hooves in place of feet.
Armour fits poorly on your strangely shaped body.
You cover ground very quickly.
You have extremely tough skin (AC +3).


Message History

Confirm with . or Enter, or press ? or * to list all spells.
Aiming: Shock
Press: ? - help, Shift-Dir - straight line, f/p - adder
Aim: an adder (heavily wounded)
The zap misses the adder.
The giant cockroach bites you. The jackal completely misses you.
The adder bites you but does no damage. Something hits you but does no damage.
You miss the adder. Your kick misses the adder.
The adder is heavily wounded.
The jackal closely misses you. The jackal bites you.
The giant cockroach closely misses you. The adder bites you.
The jackal bites you but does no damage. x2
The giant cockroach bites you. The adder bites you.
You closely miss the adder.
The adder is heavily wounded.
The jackal bites you.
* * * LOW HITPOINT WARNING * * *
The jackal bites you but does no damage.
Something hits you.
You die...

##########
#.@S.....# ****
#hhs.....# *****,,*
#.g......#
*****,,,,,>*
###..#####
,,,**,****,* #.##
,,,,,,* #,* ####w#
,,,****###.###h...#
,,,,,,,........#.##
,,,**,,..#.#.....#


You could see a worm, an adder, 2 jackals, a giant cockroach and a hobgoblin.

Vanquished Creatures
  A ball python (D:1)
  A bat (D:1)
  A goblin (D:1)
  A hobgoblin (D:1)
  A jackal (D:2)
  2 kobolds (D:1)
  3 rats (D:1)
10 creatures vanquished.

Notes
Turn   | Place    | Note
--------------------------------------------------------------
     0 | D:1      | Chiseanne the Centaur Air Elementalist began the quest for the Orb.
     0 | D:1      | Reached XP level 1. HP: 14/14 MP: 3/3
    17 | D:1      | Reached skill level 1 in Conjurations
   209 | D:1      | Reached XP level 2. HP: 22/22 MP: 1/4
   308 | D:1      | You fall through a shaft!
   314 | D:2      | Noticed Sigmund
   369 | D:2      | Slain by Sigmund

Skill      XL: |  1 |
---------------+----+-----
Conjurations   | 1 |  1.1
Fighting       | |  0.6
Dodging        | |  1.5
Stealth        | |  1.2
Shields        | |  0.2
Spellcasting   | |  1.6
Air Magic      | |  2.6

Action                   || total
-------------------------++-------
Melee: Dagger            ||    14
       Kick              ||     2
 Cast: Shock             ||    16
  Use: Scroll            ||     3
       Potion            ||     2
Armor: Robe              ||    20
Dodge: Dodged            ||    28
Block: Buckler           ||     8
